 Dungeon Sprint DCSS version 0.14-a0-1863-gcc20582 (webtiles) character file.

35099 Caerthir the Conqueror (level 13, -9/159 HPs)
             Began as a Minotaur Berserker on Jan 13, 2014.
             Was the Champion of Trog.
             Hit by a large rock thrown by a stone giant (18 damage)
             ... in the Dungeon (Sprint IX: "|||||||||||||||||||||||||||||").
             The game lasted 00:24:17 (3613 turns).

Caerthir the Conqueror (Minotaur Berserker)         Turns: 3613, Time: 00:24:17

HP  -9/159       AC 26     Str 27      XL: 13   Next: 35%
MP   1/1         EV  9     Int  4      God: Trog [******]
Gold 1900        SH  0     Dex 16      Spells:  0 memorised, 12 levels left

rFire  . . .     SeeInvis .     L - +6,+4 claymore (antimagic)
rCold  . . .     Clarity  .     O - +0 storm dragon armour
rNeg   . . .     Conserve .     (no shield)
rPois  .         rCorr    .     (helmet restricted)
rElec  +         rRot     .     a - +1 cloak
SustAb . .       Spirit   .     I - +0 pair of gloves
rMut   .         Warding  .     H - +0 pair of boots
Saprov . . .     NoTele   +     (no amulet)
MR     ++...                    r - +3 ring of strength
                                q - +3 ring of dexterity

@: regenerating, invisible, exhausted, very slightly contaminated, hasted, very
quick, very resistant to hostile enchantments, extremely unstealthy
A: retaliatory headbutt, horns 2
a: Burn Spellbooks, Berserk, Trog's Hand, Brothers in Arms, Renounce Religion


You were in the Dungeon.
You worshipped Trog.
Trog was exalted by your worship.
You were not hungry.

You visited 1 branch You collected 1900 gold pieces.

Inventory:

Hand weapons
 x - a +1,+4 anti-magic great sword
 y - a +1,+3 claymore of holy wrath
 D - a +0,+5 dwarven crossbow of frost
 E - a +3,+1 anti-magic great sword
 J - a +3,+4 anti-magic demon blade
 K - a +4,+2 bardiche of distortion
 L - a +6,+4 anti-magic claymore (weapon)
Armour
 a - a +1 cloak (worn)
 b - a +0 animal skin
 e - a +0 orcish plate armour
 n - a +0 cloak
 p - a +1 chain mail
 C - a +0 large shield
 H - a +0 pair of boots (worn)
 I - a +0 pair of gloves (worn)
 O - a +0 storm dragon armour (worn)
Magical devices
 l - a wand of fire (7)
Comestibles
 c - 11 bread rations
 F - 40 strawberries
 G - 12 meat rations
Scrolls
 i - 4 scrolls of blinking
 k - 3 scrolls of remove curse
 z - a scroll of identify
 A - 2 scrolls of recharging
 B - 2 scrolls of fear
Jewellery
 q - a +3 ring of dexterity (left hand)
 r - a +3 ring of strength (right hand)
Potions
 d - 2 potions of curing
 g - 4 potions of magic
 h - a potion of berserk rage
 j - a potion of invisibility
 m - 2 potions of heal wounds
 o - a potion of restore abilities
 s - a potion of resistance
 t - a potion of cure mutation
 u - a potion of agility
 v - 2 potions of brilliance
 w - a potion of might


   Skills:
 O Level 27 Fighting
 - Level 18.9 Long Blades
 + Level 21.1 Armour
 - Level 2.1 Dodging


You had 12 spell levels left.
You didn't know any spells.

Dungeon Overview and Level Annotations

Branches:
Dungeon (1/1)

Altars:
Ashenzari
Cheibriados
Elyvilon
Fedhas
Kikubaaqudgha
Makhleb
Nemelex Xobeh
Okawaru
Sif Muna
Trog
Vehumet
Xom
Yredelemnul
Zin
the Shining One

Shops:
D (/*!


Innate Abilities, Weirdness & Mutations

You reflexively headbutt those who attack you in melee.
You have a pair of horns on your head.


Message History

You closely miss the golden dragon.
The golden dragon is almost dead.
You cut the golden dragon into ribbons!!!
You kill the golden dragon!
Trog accepts your kill.
Your Armour skill gained 2 levels and is now at level 21!
You see here a golden dragon corpse.
You carve the shining eye like a ham!!!
You kill the shining eye!
Trog accepts your kill.
The stone giant throws a large rock.
The large rock crashes through you!
* * * LOW HITPOINT WARNING * * *
The stone giant throws a large rock.
The large rock crashes through you!
* * * LOW HITPOINT WARNING * * *
Items here: %% ((( ))) Use which ability? (? or * to list)
Your iron troll goes berserk!
You feel somewhat more hungry.
The stone giant throws a large rock.
The large rock crashes through you!
You die...

▓▓▓▓▓▓▓▓▓▓▓▓▓▓▓▓▓▓▓▓▓▓▓▓▓
.........((()T(%@.C......
▓▓▓▓▓▓▓▓▓▓▓▓▓▓▓▓▓▓▓▓▓▓▓▓▓▓▓▓▓▓▓▓▓
.................................
▓▓▓▓▓▓▓▓▓▓▓▓▓▓▓▓▓▓▓▓▓▓▓▓▓▓▓▓▓▓▓♣♣
...........'%))......'.........'.
▓▓▓▓▓▓▓▓▓▓▓▓▓▓▓▓▓▓▓▓▓▓▓▓▓▓▓▓▓▓▓♣♣
.................................
▓▓▓▓▓▓▓▓▓▓▓▓▓▓▓▓▓▓▓▓▓▓▓▓▓▓▓▓▓▓▓▓▓
.....'====.)))))))).)[[[.[[[.....


You could see a stone giant and a friendly iron troll (berserk).

Vanquished Creatures
  A golden dragon (D)
  A sphinx (D)
  Rupert (D)
  A siren (D)
  2 yaktaur captains (D)
  An ice dragon (D)
  An ogre mage (D)
  Harold (D)
  Josephine (D)
  2 naga warriors (D)
  Erolcha (D)
  A deep elf knight (D)
  2 sea snakes (D)
  2 swamp dragons (D)
  An orc knight (D)
  A shining eye (shapeshifter) (D)
  A red wasp (D)
  2 hill giants (D)
  9 orc sorcerers (D)
  A wolf spider (D)
  A cyclops (D)
  7 black mambas (D)
  2 elephants (D)
  An iron devil (D)
  2 jumping spiders (D)
  A fire drake (D)
  A blue devil (D)
  3 blink frogs (D)
  A trapdoor spider (D)
  A chaos spawn (D)
  2 redbacks (D)
  A snapping turtle (D)
  A hippogriff (D)
  A tarantella (D)
  3 merfolk (D)
  A yak (D)
  2 vampire mosquitoes (D)
  A manticore (D)
  A yellow wasp (D)
  A mottled dragon (D)
  9 orc warriors (D)
  An ogre (D)
  A porcupine (D)
  A water moccasin (D)
  3 giant frogs (D)
  3 agate snails (D)
  A goliath beetle (D)
  3 crimson imps (D)
  4 orc priests (D)
  A hound (D)
  2 iguanas (D)
  5 orc wizards (D)
  5 adders (D)
  4 orc zombies (D)
  2 worm zombies (D)
  2 adder skeletons (D)
  7 orcs (D)
  A bat skeleton (D)
  2 kobolds (D)
  2 bats (D)
  2 giant cockroaches (D)
  A giant gecko (D)
  A goblin (D)
  A hobgoblin skeleton (D)
  A kobold skeleton (D)
  A kobold zombie (D)
  A quokka (D)
  A quokka zombie (D)
  A rat (D)
  A rat zombie (D)
  A fungus (D)
138 creatures vanquished.

Vanquished Creatures (collateral kills)
  A stone giant (D)
  A fire dragon (D)
  2 hydras (D)
  4 death yaks (D)
  A rakshasa (D)
  A hill giant (D)
  A slime creature (D)
  A giant leech (D)
  A tarantella (shapeshifter) (D)
  4 yaks (D)
  A mottled dragon (D)
  3 orc warriors (D)
  An illusory rakshasa (D)
22 creatures vanquished.

Vanquished Creatures (others)
  3 stone giants (D)
  2 hill giants (D)
  An orc zombie (D)
  A fungus (D)
  A plant (D)
8 creatures vanquished.

Grand Total: 168 creatures vanquished

Notes
Turn   | Place    | Note
--------------------------------------------------------------
     0 | D        | Caerthir, the Minotaur Berserker, began the quest for the Orb.
     0 | D        | Reached XP level 1. HP: 19/19 MP: 1/1
    10 | D        | Reached skill level 4 in Long Blades
    12 | D        | Acquired Trog's second power
    12 | D        | Reached skill level 5 in Long Blades
   146 | D        | Noticed a crimson imp
   146 | D        | Noticed an ogre
   146 | D        | Noticed an iguana
   153 | D        | Killed a crimson imp
   153 | D        | Reached skill level 8 in Long Blades
   153 | D        | Reached XP level 2. HP: 26/26 MP: 1/1
   153 | D        | Reached XP level 3. HP: 31/31 MP: 2/2
   156 | D        | Killed an ogre
   156 | D        | Reached skill level 11 in Long Blades
   156 | D        | Reached XP level 4. HP: 39/39 MP: 2/2
   160 | D        | Acquired Trog's third power
   160 | D        | Reached skill level 12 in Long Blades
   160 | D        | Reached XP level 5. HP: 45/45 MP: 2/2
   164 | D        | Killed an iguana
   187 | D        | Found a glowing golden altar of the Shining One.
   187 | D        | Found a shimmering altar of Xom.
   187 | D        | Found a shattered altar of Ashenzari.
   187 | D        | Found a deep blue altar of Sif Muna.
   187 | D        | Found a basalt altar of Yredelemnul.
   187 | D        | Found a snail-covered altar of Cheibriados.
   187 | D        | Found a radiant altar of Vehumet.
   188 | D        | Found a burning altar of Makhleb.
   200 | D        | Found a white marble altar of Elyvilon.
   201 | D        | Found a bloodstained altar of Trog.
   216 | D        | Found a sparkling altar of Nemelex Xobeh.
   217 | D        | Found an iron altar of Okawaru.
   218 | D        | Found a blossoming altar of Fedhas.
   219 | D        | Found a glowing silver altar of Zin.
   220 | D        | Found an ancient bone altar of Kikubaaqudgha.
   221 | D        | Found a shimmering altar of Xom.
   222 | D        | Found a sparkling altar of Nemelex Xobeh.
   271 | D        | Noticed a goliath beetle
   271 | D        | Noticed a hippogriff
   271 | D        | Noticed an iguana
   281 | D        | Killed a goliath beetle
   281 | D        | Reached skill level 13 in Long Blades
   282 | D        | Received a gift from Trog
   287 | D        | Killed a hippogriff
   287 | D        | Reached skill level 15 in Long Blades
   287 | D        | Reached XP level 6. HP: 41/51 MP: 3/3
   294 | D        | Killed an iguana
   436 | D        | Noticed a giant frog
   436 | D        | Noticed a crimson imp
   436 | D        | Noticed a crimson imp
   436 | D        | Noticed a giant frog
   439 | D        | Killed a crimson imp
   439 | D        | Reached skill level 16 in Long Blades
   442 | D        | Killed a giant frog
   449 | D        | Killed a crimson imp
   449 | D        | Received a gift from Trog
   450 | D        | Reached XP level 7. HP: 53/57 MP: 1/3
   454 | D        | Killed a giant frog
   454 | D        | Reached skill level 17 in Long Blades
   568 | D        | Noticed a hound
   568 | D        | Noticed a black mamba
   568 | D        | Noticed a blink frog
   568 | D        | Noticed a black mamba
   571 | D        | Noticed a porcupine
   572 | D        | Killed a hound
   577 | D        | Killed a black mamba
   577 | D        | Reached skill level 18 in Long Blades
   581 | D        | Noticed a blink frog
   586 | D        | Killed a black mamba
   586 | D        | Reached XP level 8. HP: 50/74 MP: 1/3
   589 | D        | Killed a porcupine
   593 | D        | Killed a blink frog
   593 | D        | Reached skill level 10 in Fighting
   603 | D        | Killed a blink frog
   891 | D        | Noticed a yak
   891 | D        | Noticed an elephant
   891 | D        | Noticed a fire drake
   891 | D        | Noticed an elephant
   891 | D        | Noticed an agate snail
   891 | D        | Noticed a blink frog
   894 | D        | Noticed an agate snail
   897 | D        | Killed an elephant
   897 | D        | Reached XP level 9. HP: 93/93 MP: 1/4
   900 | D        | Killed a yak
   902 | D        | Noticed an agate snail
   903 | D        | Killed a fire drake
   907 | D        | Killed an elephant
   907 | D        | Reached skill level 15 in Fighting
   912 | D        | Killed an agate snail
   917 | D        | Killed an agate snail
   917 | D        | Received a gift from Trog
   921 | D        | Killed a blink frog
   925 | D        | Killed an agate snail
  1147 | D        | Noticed a yak
  1147 | D        | Noticed a death yak
  1147 | D        | Noticed a death yak
  1147 | D        | Noticed a death yak
  1147 | D        | Noticed a yak
  1147 | D        | Noticed a death yak
  1147 | D        | Noticed a yak
  1152 | D        | Killed a death yak
  1157 | D        | Killed a death yak
  1157 | D        | Received a gift from Trog
  1161 | D        | Killed a death yak
  1161 | D        | Reached XP level 10. HP: 110/112 MP: 1/4
  1163 | D        | Killed a yak
  1164 | D        | Killed a death yak
  1165 | D        | Killed a yak
  1166 | D        | Noticed a yak
  1169 | D        | Killed a yak
  1169 | D        | Reached skill level 19 in Fighting
  1170 | D        | Killed a yak
  1190 | D        | Received a gift from Trog
  1252 | D        | Noticed Josephine
  1260 | D        | Killed Josephine
  1327 | D        | Noticed an orc priest
  1327 | D        | Noticed an orc priest
  1328 | D        | Killed an orc priest
  1330 | D        | Noticed an orc warrior
  1333 | D        | Killed an orc priest
  1333 | D        | Reached skill level 20 in Fighting
  1336 | D        | Noticed an orc warrior
  1338 | D        | Received a gift from Trog
  1345 | D        | Killed an orc warrior
  1350 | D        | Killed an orc warrior
  1351 | D        | Noticed an orc priest
  1354 | D        | Noticed an orc priest
  1359 | D        | Killed an orc priest
  1359 | D        | Received a gift from Trog
  1362 | D        | Killed an orc priest
  1414 | D        | Noticed an orc warrior
  1414 | D        | Noticed an orc warrior
  1414 | D        | Noticed an orc warrior
  1414 | D        | Noticed an orc warrior
  1414 | D        | Noticed an orc warrior
  1414 | D        | Noticed an orc warrior
  1414 | D        | Noticed an orc sorcerer
  1417 | D        | Killed an orc warrior
  1417 | D        | Received a gift from Trog
  1420 | D        | Killed an orc warrior
  1421 | D        | Noticed an orc warrior
  1423 | D        | Killed an orc warrior
  1427 | D        | Killed an orc warrior
  1428 | D        | Noticed an orc warrior
  1430 | D        | Noticed an orc knight
  1437 | D        | Noticed an orc warrior
  1438 | D        | Killed an orc sorcerer
  1438 | D        | Reached skill level 21 in Fighting
  1439 | D        | Killed an orc warrior
  1443 | D        | Killed an orc warrior
  1444 | D        | Killed an orc warrior
  1444 | D        | Received a gift from Trog
  1446 | D        | Noticed an orc warrior
  1453 | D        | Killed an orc knight
  1477 | D        | Killed an orc warrior
  1478 | D        | Killed an orc warrior
  1515 | D        | Killed an orc warrior
  1871 | D        | Found Saejael's Antique Weapon Emporium.
  1871 | D        | Noticed an orc wizard
  1871 | D        | Noticed an orc sorcerer
  1871 | D        | Noticed an orc sorcerer
  1871 | D        | Noticed an orc sorcerer
  1871 | D        | Noticed an orc sorcerer
  1871 | D        | Noticed an orc wizard
  1873 | D        | Found Leuschaa's Magical Wand Shoppe.
  1873 | D        | Noticed an orc wizard
  1875 | D        | Killed an orc sorcerer
  1875 | D        | Reached skill level 22 in Fighting
  1875 | D        | Reached XP level 11. HP: 129/129 MP: 1/4
  1876 | D        | Noticed an orc sorcerer
  1881 | D        | Killed an orc sorcerer
  1881 | D        | Reached skill level 5 in Armour
  1882 | D        | Found Phideedi's General Store.
  1883 | D        | Noticed an orc sorcerer
  1884 | D        | Killed an orc sorcerer
  1884 | D        | Received a gift from Trog
  1885 | D        | Killed an orc sorcerer
  1888 | D        | Killed an orc wizard
  1889 | D        | Found Niutigiu's Distillery.
  1907 | D        | Killed an orc sorcerer
  1915 | D        | Killed an orc sorcerer
  1917 | D        | Killed an orc wizard
  1918 | D        | Killed an orc wizard
  1918 | D        | Received a gift from Trog
  1961 | D        | Noticed an orc wizard
  1962 | D        | Noticed an orc wizard
  1963 | D        | Noticed an orc sorcerer
  1964 | D        | Noticed an orc sorcerer
  1966 | D        | Killed an orc wizard
  1971 | D        | Killed an orc sorcerer
  1972 | D        | Killed an orc wizard
  1972 | D        | Received a gift from Trog
  1976 | D        | Killed an orc sorcerer
  1976 | D        | Reached skill level 23 in Fighting
  2042 | D        | Noticed Erolcha
  2047 | D        | Killed Erolcha
  2047 | D        | Reached skill level 10 in Armour
  2211 | D        | Noticed a giant frog
  2211 | D        | Noticed a vampire mosquito
  2211 | D        | Noticed a mottled dragon
  2211 | D        | Noticed a cyclops
  2213 | D        | Killed a giant frog
  2214 | D        | Killed a vampire mosquito
  2215 | D        | Noticed a mottled dragon
  2217 | D        | Killed a mottled dragon
  2219 | D        | Noticed a fire dragon
  2220 | D        | Noticed an eight-headed hydra
  2222 | D        | Killed a cyclops
  2223 | D        | Noticed a slime creature
  2224 | D        | Noticed a rakshasa
  2225 | D        | Noticed a hill giant
  2229 | D        | Killed a mottled dragon
  2235 | D        | Killed a fire dragon
  2235 | D        | Received a gift from Trog
  2237 | D        | Killed an eight-headed hydra
  2243 | D        | Killed a slime creature
  2246 | D        | Killed a rakshasa
  2247 | D        | Killed a hill giant
  2250 | D        | Noticed a tarantella
  2253 | D        | Noticed a hill giant
  2258 | D        | Killed a tarantella
  2264 | D        | Killed a hill giant
  2264 | D        | Received a gift from Trog
  2312 | D        | Noticed Rupert
  2324 | D        | Killed Rupert
  2324 | D        | Reached skill level 24 in Fighting
  2398 | D        | Noticed a snapping turtle
  2398 | D        | Noticed a sea snake
  2398 | D        | Noticed a merfolk
  2398 | D        | Noticed a merfolk
  2398 | D        | Noticed a merfolk
  2398 | D        | Noticed a manticore
  2399 | D        | Noticed a siren
  2400 | D        | Noticed a sea snake
  2404 | D        | Killed a snapping turtle
  2406 | D        | Killed a sea snake
  2406 | D        | Received a gift from Trog
  2406 | D        | Reached XP level 12. HP: 120/144 MP: 1/5
  2411 | D        | Killed a merfolk
  2414 | D        | Killed a merfolk
  2417 | D        | Killed a merfolk
  2420 | D        | Killed a manticore
  2425 | D        | Killed a siren
  2426 | D        | Killed a sea snake
  2433 | D        | Received a gift from Trog
  2443 | D        | Noticed a jumping spider
  2443 | D        | Noticed a redback
  2443 | D        | Noticed a jumping spider
  2443 | D        | Noticed a yellow wasp
  2443 | D        | Noticed a tarantella
  2443 | D        | Noticed a redback
  2447 | D        | Noticed a red wasp
  2447 | D        | Killed a jumping spider
  2449 | D        | Killed a redback
  2449 | D        | Reached skill level 15 in Armour
  2450 | D        | Killed a yellow wasp
  2451 | D        | Killed a jumping spider
  2451 | D        | Reached skill level 25 in Fighting
  2452 | D        | Killed a redback
  2456 | D        | Killed a tarantella
  2459 | D        | Killed a red wasp
  2464 | D        | Received a gift from Trog
  2473 | D        | Noticed a wolf spider
  2478 | D        | Killed a wolf spider
  2507 | D        | Noticed a trapdoor spider
  2509 | D        | Killed a trapdoor spider
  2513 | D        | Noticed an eight-headed hydra
  2513 | D        | Noticed a giant leech
  2513 | D        | Noticed a vampire mosquito
  2513 | D        | Noticed a swamp dragon
  2514 | D        | Noticed a swamp dragon
  2517 | D        | Noticed a water moccasin
  2519 | D        | Killed an eight-headed hydra
  2524 | D        | Killed a giant leech
  2524 | D        | Received a gift from Trog
  2527 | D        | Killed a vampire mosquito
  2532 | D        | Killed a swamp dragon
  2538 | D        | Killed a swamp dragon
  2539 | D        | Killed a water moccasin
  2850 | D        | Noticed a naga warrior
  2850 | D        | Noticed a naga warrior
  2850 | D        | Noticed a black mamba
  2850 | D        | Noticed a black mamba
  2850 | D        | Noticed a black mamba
  2852 | D        | Noticed a black mamba
  2855 | D        | Noticed a black mamba
  2857 | D        | Killed a naga warrior
  2863 | D        | Killed a naga warrior
  2865 | D        | Killed a black mamba
  2869 | D        | Killed a black mamba
  2869 | D        | Received a gift from Trog
  2874 | D        | Killed a black mamba
  2874 | D        | Reached skill level 26 in Fighting
  2877 | D        | Killed a black mamba
  2878 | D        | Killed a black mamba
  2886 | D        | Received a gift from Trog
  3488 | D        | Noticed Harold
  3496 | D        | Killed Harold
  3566 | D        | Noticed an ice dragon
  3566 | D        | Noticed an ogre mage
  3566 | D        | Noticed a sphinx
  3566 | D        | Noticed a hill giant
  3566 | D        | Noticed a yaktaur captain
  3566 | D        | Noticed a deep elf knight
  3566 | D        | Noticed a stone giant
  3572 | D        | Killed an ice dragon
  3572 | D        | Received a gift from Trog
  3573 | D        | Noticed a yaktaur captain
  3574 | D        | Noticed a golden dragon
  3576 | D        | Killed an ogre mage
  3580 | D        | Killed a sphinx
  3580 | D        | Reached XP level 13. HP: 157/157 MP: 1/5
  3581 | D        | Killed a hill giant
  3583 | D        | Noticed a pulsating lump
  3586 | D        | Noticed a stone giant
  3587 | D        | Killed a yaktaur captain
  3589 | D        | Killed a deep elf knight
  3589 | D        | Received a gift from Trog
  3589 | D        | Reached skill level 27 in Fighting
  3594 | D        | Killed a stone giant
  3597 | D        | a pulsating lump changed into a shining eye
  3603 | D        | Killed a yaktaur captain
  3607 | D        | HP: 7/159 [golden dragon (4)]
  3609 | D        | Killed a golden dragon
  3613 | D        | Hit by a large rock thrown by a stone giant

Action                   |  1- 3 |  4- 6 |  7- 9 | 10-12 | 13-15 || total
-------------------------+-------+-------+-------+-------+-------++-------
Melee: Falchion          |    20 |     7 |       |       |       ||    27
       Scimitar          |       |    21 |       |       |       ||    21
       Great sword       |       |    13 |    57 |   113 |       ||   183
       Claymore          |       |       |       |   118 |    16 ||   134
Invok: Berserk           |     1 |       |     2 |     6 |       ||     9
       Brothers in Arms  |       |       |     1 |     5 |     2 ||     8
       Trog's Hand       |       |       |       |     1 |     1 ||     2
  Use: Potion            |       |       |     1 |     4 |     3 ||     8
       Scroll            |       |       |       |     7 |       ||     7
 Stab: Invisible         |       |       |       |       |     1 ||     1
